 Dungeon Crawl Stone Soup version 0.27-a0-249-g74f53ef629 (webtiles) character file.

Game seed: 15851857649422061302

1640 puppykicker the Skirmisher (level 8, 0/80 HPs)
             Began as an Ogre Arcane Marksman on Feb 3, 2021.
             Was an Initiate of Dithmenos.
             Slain by a killer bee (5 damage)
             ... on level 6 of the Dungeon.
             The game lasted 00:24:47 (9304 turns).

puppykicker the Skirmisher (Ogre Arcane Marksman)   Turns: 9304, Time: 00:24:48

Health: 0/80       AC:  5    Str: 16    XL:     8   Next: 99%
Magic:  10/14      EV: 10    Int: 15    God:    Dithmenos [......]
Gold:   291        SH:  0    Dex:  9    Spells: 5/15 levels left

rFire    . . .     SeeInvis .   b - +2 dagger (venom)
rCold    . . .     Faith    .   (no shield)
rNeg     . . .     Spirit   .   e - +0 robe
rPois    .         Reflect  .   (helmet restricted)
rElec    .         Harm     .   (no cloak)
rCorr    .         Rampage  .   (gloves unavailable)
Will     .....                  (boots unavailable)
Stlth    +.........             (no amulet)
HPRegen  0.23/turn              Q - ring of flight
MPRegen  0.14/turn              (no ring)

@: lethally poisoned (0 -> -2), flying, hasted, very quick
A: large, unfitting armour, molten scales 1, tough skin 1, wild magic 1
a: Renounce Religion


You were on level 6 of the Dungeon.
You worshipped Dithmenos.
Dithmenos was noncommittal.
You visited 2 branches of the dungeon, and saw 8 of its levels.
You also visited: Sewer.

You collected 381 gold pieces.
You spent 90 gold pieces at shops.

Inventory:

Hand Weapons
 a - the +5 mace of Integrity {speed, +Fly rC+ Stlth+}
   (You found it on level 4 of the Dungeon)

   Attacks with this weapon are significantly faster.
   It protects you from cold.
   It lets you fly.
   It makes you more stealthy.
 b - a +2 dagger of venom (weapon)
Missiles
 c - 3 large rocks
 d - 2 throwing nets
 o - 2 javelins
 r - 4 boomerangs (quivered)
 w - 16 poisoned darts
Armour
 e - a +0 robe (worn)
Jewellery
 Q - a ring of flight (left hand)
Wands
 y - a wand of charming (5)
 A - a wand of random effects (10)
Scrolls
 f - a scroll of immolation {!r}
 h - 3 scrolls of teleportation {unknown}
 i - 2 scrolls of random uselessness {unknown}
 k - a scroll of enchant weapon {unknown}
 l - 3 scrolls of remove curse
 m - 2 scrolls of amnesia {unknown}
 q - a scroll of fog {unknown}
 s - 3 scrolls of identify {unknown}
 u - a scroll of blinking {unknown}
Potions
 g - 3 potions of brilliance
 n - a potion of attraction {unknown}
 p - a potion of heal wounds {unknown}
 t - 2 potions of flight
 v - 2 potions of haste
 x - a potion of ambrosia {unknown}


   Skills:
 + Level 5.1 Fighting
 * Level 5.0 Maces & Flails
 + Level 4.3 Throwing
 - Level 3.0 Armour
 - Level 3.0 Dodging
 + Level 4.3 Spellcasting
 - Level 4.0 Hexes
 + Level 2.4 Translocations


You had 5 spell levels left.
You knew the following spells:

 Your Spells              Type           Power        Failure   Level
a - Corona                Hex            21%          5%          1
d - Cause Fear            Hex            9%           41%         4
f - Portal Projectile     Hex/Tloc       32%          21%         3
s - Slow                  Hex            19%          8%          2

Your spell library contained the following spells:

 Spells                   Type           Power        Failure   Level
 Inner Flame              Hex/Fire       12%          30%         3
 Leda's Liquefaction      Hex/Erth       6%           67%         4


Dungeon Overview and Level Annotations

Branches:
Dungeon (7/15)             Temple (1/1) D:6           Sewer (visited)

Altars:
Cheibriados
Dithmenos
Elyvilon
Fedhas
Gozag
Kikubaaqudgha
Makhleb
Nemelex Xobeh
Okawaru
Qazlal
Ru
Sif Muna
Trog
Vehumet
Wu Jian
Xom
Zin

Annotations:
D:5 3 runed translucent doors, HendSelp's ghost, novice MfGl


Innate Abilities, Weirdness & Mutations

You are too large for most types of armour.
You have tough skin. (AC +1)
You are partially covered in molten scales. (AC +2)
Your spells are a little harder to cast, but a little more powerful.


Message History

The killer bee barely misses you.
You regained 10 hp, and now have 17/80 hp.
You feel yourself speed up. The killer bee stings you.
* * * LOW HITPOINT WARNING * * *
You are poisoned.
The killer bee poisons you! The killer bee stings you.
* * * LOW HITPOINT WARNING * * *
You take 4 damage, and have 13/80 hp.
It was a potion of flight.
You feel very buoyant.
You fly up into the air.
You feel sick. The killer bee stings you!
* * * LOW HITPOINT WARNING * * *
You take 8 damage, and have 5/80 hp.
Unknown command.
It was a potion of mutation.
You feel extremely strange.
Your vision blurs.
You feel less in control of your magic.
Your vision sharpens.
Molten scales grow over part of your body.
The killer bee barely misses you. The killer bee stings you.
You die...

##### #####...#
#.......#
#.......#
#.......#
########.......#
#@y.(.........##
#.#######'#####
#.#######.########
#.................
#.########.#######
#.# #..###### #.#
#####.... #.#
###...#÷... #.#
#...⌠....>.


You could see a killer bee (poisoned).

Levels and vault maps discovered:
D:1:      dpeg_arrival_pits, layout_rooms, minmay_misc_feat_plants,
          minmay_distorted
D:2:      layout_loops_ring, zin_purify
D:3:      layout_loops_ring, cheibrodos_sewer_entry_sluice, roderic_lattice_a
D:4:      layout_basic, lightli_temple_of_fire, old_standard_altar,
          fedhas_altar_2
D:5:      layout_loops_cross, ebering_ghost_gozag, grunt_qazlal_sundering
D:6:      layout_basic, minmay_temple_entry_antechambers
D:7:      wander_river, layout_gridville, nzn_hepliaklqana_mist_gate,
          overflow_temple_1_default, amethyst_overflow_temple_binary,
          nrook_mini_backslash, uniq_crazy_yiuf_cottage
Temple:   nicolae_temple_figure_eight

Notes
Turn   | Place    | Note
-------+----------+-------------------------------------------
     0 | D:1      | puppykicker the Ogre Arcane Marksman began the quest for
                  | the Orb.
     0 | D:1      | Reached XP level 1. HP: 19/19 MP: 2/2
   232 | D:1      | Identified a +0 club
   426 | D:1      | Identified a +2 dagger of venom
   434 | D:1      | Reached XP level 2. HP: 20/27 MP: 4/4
   834 | D:1      | Identified a +0 club
   853 | D:1      | Identified a +0 whip
   862 | D:1      | Reached skill level 2 in Dodging
  1116 | D:1      | Identified a +0 whip
  1120 | D:1      | Reached XP level 3. HP: 35/35 MP: 5/5
  1481 | D:2      | Reached skill level 2 in Fighting
  1481 | D:2      | Reached skill level 1 in Maces & Flails
  1508 | D:2      | Learned a level 2 spell: Slow
  1666 | D:2      | Reached skill level 3 in Hexes
  2078 | D:2      | Found Zin's Purification Station.
  2082 | D:2      | Found a glowing silver altar of Zin.
  2088 | D:2      | Reached XP level 4. HP: 38/42 MP: 6/6
  2102 | D:2      | Bought a potion of curing for 90 gold pieces
  2105 | D:2      | Identified 2 scrolls of immolation
  2259 | D:3      | Identified a cursed -3 dagger
  2302 | D:3      | Identified a ring of flight (You found it on level 3 of the
                  | Dungeon)
  2308 | D:3      | Found a glowing drain.
  2370 | Sewer    | Entered a sewer
  2411 | Sewer    | Noticed Purgy
  2443 | Sewer    | Identified 2 potions of brilliance
  2444 | Sewer    | Identified a potion of haste
  2454 | Sewer    | Identified a potion of berserk rage
  2456 | Sewer    | HP: 15/63 [Purgy (4)]
  2463 | Sewer    | Killed Purgy
  2464 | Sewer    | Reached skill level 2 in Maces & Flails
  2464 | Sewer    | Reached skill level 1 in Armour
  2464 | Sewer    | Reached skill level 2 in Spellcasting
  2464 | Sewer    | Reached XP level 5. HP: 12/50 MP: 6/8
  2921 | D:3      | Identified a +0 short sword
  2927 | D:3      | Identified a +0 short sword
  3072 | D:3      | Identified a +0 dagger
  3072 | D:3      | Identified a +0 robe
  3074 | D:3      | Identified a +0 long sword
  3074 | D:3      | Identified a cursed +0 plate armour
  3074 | D:3      | Noticed an orc warrior
  3074 | D:3      | Identified a +0 dagger
  3074 | D:3      | Identified a +0 leather armour
  3118 | D:3      | Killed an orc warrior
  3119 | D:3      | Reached XP level 6. HP: 18/59 MP: 9/9
  3337 | D:3      | Identified a +0 club
  3337 | D:3      | Identified a +4 ring mail
  3383 | D:3      | Identified a +0 rapier
  3383 | D:3      | Identified a +0 chain mail
  3476 | D:3      | Identified a +0 dagger
  3476 | D:3      | Identified a +0 robe
  3476 | D:3      | Identified a +0 club
  3476 | D:3      | Identified a +0 leather armour
  3477 | D:3      | Identified a +0 flail
  3477 | D:3      | Identified a +0 chain mail
  3479 | D:3      | Identified a +0 ring mail
  3491 | D:3      | Reached skill level 3 in Fighting
  3977 | D:3      | Identified a cursed -3 short sword
  4055 | D:4      | Identified a +0 spear
  4057 | D:4      | Identified a +0 club
  4060 | D:4      | Identified a +0 whip
  4061 | D:4      | Identified a +0 spear
  4067 | D:4      | Reached skill level 3 in Throwing
  4085 | D:4      | HP: 15/61 [gnoll/+0 spear (8)]
  4093 | D:4      | HP: 8/61 [gnoll/+0 spear (5)]
  4425 | D:4      | Learned a level 3 spell: Portal Projectile
  4430 | D:4      | Learned a level 4 spell: Cause Fear
  4519 | D:4      | Identified a +0 club
  4521 | D:4      | Identified a +0 spear
  4521 | D:4      | Identified a +0 club
  4523 | D:4      | Identified a +0 flail
  4523 | D:4      | Identified a +0 robe
  4556 | D:4      | Reached skill level 3 in Maces & Flails
  4556 | D:4      | Reached XP level 7. HP: 27/67 MP: 11/11
  4562 | D:4      | Identified 3 scrolls of remove curse
  4563 | D:4      | Identified a +4 dagger (You found it on level 3 of the
                  | Dungeon)
  4786 | D:4      | Found a blossoming altar of Fedhas.
  4818 | D:4      | Identified a +0 mace
  4820 | D:4      | Identified a +0 flail
  4820 | D:4      | Identified a +0 chain mail
  4956 | D:4      | Found a shimmering altar of Xom.
  4957 | D:4      | Identified a +0 flail
  4958 | D:4      | Identified a +0 club
  4959 | D:4      | Identified a +0 flail
  5004 | D:4      | Reached skill level 2 in Armour
  5209 | D:4      | Reached skill level 3 in Dodging
  5209 | D:4      | Reached skill level 3 in Spellcasting
  5334 | D:4      | Got an iridescent mace
  5335 | D:4      | Identified the +5 mace of Integrity {speed, +Fly rC+
                  | Stlth+} (You found it on level 4 of the Dungeon)
  5442 | D:4      | Identified a +0 flail
  5442 | D:4      | Identified a +0 halberd
  5442 | D:4      | Identified a +0 whip
  5442 | D:4      | Identified a +0 club
  5442 | D:4      | Identified a +0 club
  5442 | D:4      | Identified a +0 leather armour
  5953 | D:4      | Found a bloodstained altar of Trog.
  6005 | D:5      | Entered Level 5 of the Dungeon
  6135 | D:5      | Found a stormy altar of Qazlal.
  6206 | D:5      | HP: 10/68 [killer bee (9)]
  6211 | D:5      | HP: 16/68 [poisoned by a killer bee]
  6211 | D:5      | HP: 6/68 [killer bee (9)]
  6212 | D:5      | Reached skill level 1 in Translocations
  6212 | D:5      | Reached XP level 8. HP: 7/78 MP: 12/12
  6214 | D:5      | Reached skill level 4 in Fighting
  6216 | D:5      | HP: 12/78 [killer bee (7)]
  6218 | D:5      | HP: 2/78 [killer bee (10)]
  6220 | D:5      | Reached skill level 4 in Maces & Flails
  6586 | D:5      | Found a runed translucent gate.
  6587 | D:5      | Found a runed translucent gate.
  6587 | D:5      | Found a runed translucent gate.
  6587 | D:5      | Found an opulent altar of Gozag.
  6588 | D:5      | Identified a cursed -1 giant spiked club
  6588 | D:5      | Noticed HendSelp's ghost (novice MfGl)
  7101 | D:5      | HP: 17/78 [something (5)]
  7541 | D:6      | Identified a +0 hand axe
  7546 | D:6      | Identified a +0 war axe
  7546 | D:6      | Identified a +0 plate armour
  7546 | D:6      | Identified a +0 club
  7546 | D:6      | Identified a +0 dagger
  7546 | D:6      | Identified a +0 robe
  7577 | D:6      | Reached skill level 4 in Hexes
  7581 | D:6      | HP: 10/79 [orc priest/divine providence (10)]
  7927 | D:6      | Identified a +0 halberd
  7927 | D:6      | Identified a +0 chain mail
  7927 | D:6      | Identified a +0 dagger
  7927 | D:6      | Identified a cursed +0 robe
  7927 | D:6      | Identified a +0 whip
  7958 | D:6      | Reached skill level 4 in Throwing
  7958 | D:6      | Reached skill level 2 in Translocations
  8280 | D:6      | Reached skill level 4 in Spellcasting
  8615 | D:6      | Reached skill level 3 in Armour
  8757 | D:6      | Found a staircase to the Ecumenical Temple.
  8765 | D:6      | Reached skill level 5 in Fighting
  8769 | D:6      | Reached skill level 5 in Maces & Flails
  8773 | Temple   | Entered the Ecumenical Temple
  8926 | Temple   | Became a worshipper of Dithmenos the Shadowed
  9209 | D:7      | Identified a cursed +0 flail
  9209 | D:7      | Identified a +0 robe
  9286 | D:7      | Identified a +0 halberd
  9286 | D:7      | Identified a +0 plate armour
  9286 | D:7      | Identified a +0 club
  9286 | D:7      | Identified a +0 dagger
  9295 | D:6      | HP: 20/80 [killer bee (10)]
  9300 | D:6      | HP: 7/80 [killer bee (7)]
  9303 | D:6      | Identified 3 potions of flight
  9304 | D:6      | Identified a potion of mutation
  9304 | D:6      | Gained mutation: Scrolls take you a little longer to read.
                  | [potion of mutation]
  9304 | D:6      | Gained mutation: Your spells are a little harder to cast,
                  | but a little more powerful. [potion of mutation]
  9304 | D:6      | Lost mutation: Scrolls take you a little longer to read.
                  | [potion of mutation]
  9304 | D:6      | Gained mutation: You are partially covered in molten
                  | scales. (AC +2) [potion of mutation]
  9304 | D:6      | Slain by a killer bee

Table legend: (Time is in decaauts)
 A = Elapsed time spent in this place.
 B = Non-inter-level travel time spent in this place.
 C = Inter-level travel time spent in this place.
 D = Time resting spent in this place.
 E = Time spent auto-exploring this place.
 F = Levels seen in this place.
 G = Mean time per level.
                   A        B        C        D        E       F      G
               +--------+--------+--------+--------+--------+-----+--------+
         Total |   9295 |   9093 |    202 |   4220 |   3539 |   9 | 1032.8 |
       Dungeon |   8667 |   8476 |    191 |   3960 |   3318 |   7 | 1238.1 |
        Temple |    220 |    210 |     10 |      0 |    205 |   1 |  220.0 |
         Sewer |    406 |    406 |      0 |    260 |     16 |   1 |  406.0 |
               +--------+--------+--------+--------+--------+-----+--------+

Top non-repeatable levels by time:
     D:4: 1694 daAuts
     D:3: 1664 daAuts
     D:6: 1543 daAuts
     D:5: 1478 daAuts
     D:1: 1475 daAuts
     D:2: 770 daAuts
   Sewer: 406 daAuts
  Temple: 220 daAuts
     D:7: 39 daAuts

Table legend:
 A = Kills in this place as a percentage of kills in entire the game.
 B = Kills by you in this place as a percentage of kills by you in the entire game.
 C = Kills by friends in this place as a percentage of kills by friends in the entire game.
 D = Other kills in this place as a percentage of other kills in the entire game.
 E = Experience gained in this place as a percentage of experience gained in the entire game.
 F = Experience gained in this place divided by the number of levels of this place that you have seen.
                   A       B       C       D       E      F
               +-------+-------+-------+-------+-------+----------------------
         Total | 100.0 | 100.0 |   N/A |   N/A | 100.0 | 260.4
       Dungeon |  95.0 |  95.0 |   N/A |   N/A |  93.9 | 314.4
         Sewer |   5.0 |   5.0 |   N/A |   N/A |   6.1 | 143.0
               +-------+-------+-------+-------+-------+----------------------

Skill      XL: |  1  2  3  4  5  6  7  8 |
---------------+-------------------------+-----
Dodging        | 2 3 |  3.0
Fighting       | 2 3 5 |  5.1
Maces & Flails | 1 2 3 5 |  5.0
Hexes          | 3 4 |  4.0
Armour         | 1 2 3 |  3.0
Spellcasting   | 2 3 4 |  4.3
Throwing       | 3 4 |  4.3
Translocations | 1 2 |  2.4

Action                   |  1- 3 |  4- 6 |  7- 9 || total
-------------------------+-------+-------+-------++-------
Melee: Unarmed           |    24 |       |       ||    24
       Club              |     9 |       |       ||     9
       Dagger            |    71 |   168 |    86 ||   325
       Mace              |       |       |    83 ||    83
Throw: Large rock        |     3 |     6 |     3 ||    12
       Javelin           |       |     2 |     2 ||     4
       Throwing net      |       |     2 |       ||     2
       Boomerang         |       |    24 |    16 ||    40
       Dart              |       |       |    23 ||    23
 Cast: Corona            |    15 |       |       ||    15
       Slow              |       |     1 |       ||     1
       Cause Fear        |       |       |     1 ||     1
Evoke: Wand              |       |     6 |     1 ||     7
  Use: Potion            |       |     3 |    10 ||    13
       Scroll            |       |     1 |     1 ||     2
 Stab: Paralysed         |       |    12 |     1 ||    13
       Sleeping          |       |       |     2 ||     2
Armor: Robe              |    35 |    53 |    16 ||   104
Dodge: Dodged            |    70 |   104 |   106 ||   280

Vanquished Creatures
  3 orc warriors
  Purgy (Sewer)
  A sky beast (D:5)
  2 bullfrogs (D:6)
  5 killer bees (D:5)
  A howler monkey (D:4)
  2 orc priests
  2 jellies (D:6)
  A bullfrog skeleton (D:5)
  A centaur skeleton (D:6)
  A gnoll shaman (D:4)
  A hound (D:6)
  An iguana (D:4)
  4 orc wizards
  2 worker ants (D:4)
  A killer bee zombie (D:7)
  A hound skeleton (D:4)
  15 gnolls (D:4)
  5 adders
  2 shadow imps (D:6)
  An ooze (D:2)
  An adder skeleton (D:6)
  An adder zombie (D:5)
  2 worms
  2 dart slugs
  2 leopard geckos
  14 orcs
  4 giant cockroaches
  7 goblins
  3 hobgoblins (D:1)
  2 jackals (D:3)
  3 ball pythons
  11 bats
  2 frilled lizards
  A jackal skeleton (D:6)
  6 kobolds
  A quokka skeleton (D:6)
  6 rats
121 creatures vanquished.
